 Seeded DCSS version 0.28.0 (webtiles) character file.

Game seed: 12455045527757981411 (custom seed)

3971 Illumine the Basher (level 10, -3/78 (80) HPs)
             Began as a Formicid Fighter on Apr 10, 2022.
             Was a Priest of Okawaru.
             Slain by a manticore (7 damage)
             ... on level 8 of the Dungeon.
             The game lasted 00:13:44 (10257 turns).

Illumine the Basher (Formicid Fighter)             Turns: 10257, Time: 00:13:45

HP:   -3/78 (80)    AC: 16    Str: 25    XL:     10   Next: 45%
MP:   11/13         EV:  8    Int:  8    God:    Okawaru [***...]
Gold: 885           SH: 12    Dex: 10    Spells: 9/9 levels left

rFire   . . .      SeeInvis +   a - +1 whip (elec)
rCold   . . .      Faith    .   z - +0 kite shield
rNeg    . . .      Spirit   .   F - +0 plate armour
rPois   .          Reflect  .   (helmet unavailable)
rElec   .          Harm     .   x - +0 cloak
rCorr   .          Rampage  .   (no gloves)
Will    +....                   (no boots)
Stlth   ..........              (no amulet)
HPRegen 0.23/turn               (no ring)
MPRegen 0.13/turn               (no ring)

@: mighty, heroic, lightly drained
A: permanent stasis, dig shafts and tunnels, antennae 3, four strong arms
a: Dig, Shaft Self, Renounce Religion, Heroism


You were on level 8 of the Dungeon.
You worshipped Okawaru.
Okawaru was most pleased with you.
You visited 2 branches of the dungeon, and saw 9 of its levels.
You also visited: Ossuary.

You collected 885 gold pieces.

Inventory:

Hand Weapons
 a - a +1 whip of electrocution (weapon)
 b - a +0 hand crossbow
 q - a +3 flail
 u - a +1 war axe of flaming
 G - the +4 mace of the Saviour {vorpal, Will+}
   (You found it on level 7 of the Dungeon)

   It inflicts extra damage upon your enemies.
   Will:      It increases your willpower.
Missiles
 D - 42 bolts
Armour
 x - a +0 cloak (worn)
 z - a +0 kite shield (worn)
 F - a +0 plate armour (worn)
Jewellery
 C - a ring of magical power
Wands
 c - a wand of acid (9)
 t - a wand of paralysis (4)
 A - a wand of iceblast (8)
Scrolls
 i - 2 scrolls of summoning
 j - 2 scrolls of identify
 l - a scroll of noise {unknown}
 p - a scroll of fear {unknown}
 s - a scroll of fog {unknown}
 w - a scroll of holy word {unknown}
 y - a scroll of torment {unknown}
 B - 2 scrolls of amnesia {unknown}
 E - a scroll of enchant weapon {unknown}
Potions
 d - 3 potions of might
 e - 2 potions of flight {unknown}
 f - 2 potions of haste
 g - 4 potions of invisibility
 h - a potion of resistance {unknown}
 k - 4 potions of lignification
 m - 2 potions of heal wounds {unknown}
 n - 3 potions of degeneration {unknown}
 o - a potion of mutation {unknown}
 r - a potion of curing {unknown}
 v - a potion of magic {unknown}


   Skills:
 + Level 8.1(13.1) Fighting
 * Level 9.7(14.7) Maces & Flails
 + Level 5.4(10.4) Armour
 * Level 8.6(13.6) Shields
 + Level 4.6 Invocations


You had 9 spell levels left.
You didn't know any spells.
Your spell library contained the following spells:

 Spells                   Type           Power      Damage    Failure   Level
 Ensorcelled Hibernation  Hex/Ice        0%         N/A       100%        2
 Scorch                   Fire           0%         2d5       100%        2
 Dazzling Flash           Conj/Hex       0%         N/A       100%        3
 Gell's Gravitas          Tloc           0%         N/A       100%        3
 Spider Form              Tmut/Pois      0%         N/A       100%        3
 Teleport Other           Tloc           0%         N/A       100%        3
 Anguish                  Hex/Necr       0%         N/A       100%        4
 Flame Wave               Conj/Fire      0%         2d4       100%        4
 Iskenderun's Mystic Bla  Conj/Tloc      0%         2d3       100%        4
 Dispersal                Tloc           0%         N/A       100%        6
 Starburst                Conj/Fire      0%         6d3       100%        6
 Summon Cactus Giant      Summ           Unusable   N/A       N/A         6

Dungeon Overview and Level Annotations

Branches:
Dungeon (8/15)             Temple (1/1) D:4         Ossuary (visited)
   Lair: D:8-11

Altars:
Ashenzari
Dithmenos
Elyvilon
Hepliaklqana
Kikubaaqudgha
Makhleb
Nemelex Xobeh
Okawaru
Sif Muna
Trog
Uskayaw
Wu Jian
Xom
Yredelemnul
Zin
The Shining One

Shops:
D:2 *


Innate Abilities, Weirdness & Mutations

You cannot be hasted, slowed, berserked, paralysed or teleported.
You can dig through walls and to a lower floor.
You have a pair of large antennae on your head. (SInv)
Your four strong arms can wield two-handed weapons with a shield.


Message History

You hit the manticore but do no damage.
Lightning courses through the manticore!
The manticore is moderately wounded.
You hit the manticore but do no damage.
The manticore is moderately wounded.
The manticore bites you. You block the manticore's attack.
The manticore claws you but does no damage.
You hit the manticore but do no damage.
The manticore is moderately wounded.
The manticore bites you!
The manticore claws you but does no damage.
You block the manticore's attack.
You hit the manticore.
The manticore is moderately wounded.
The manticore bites you. The manticore claws you.
The manticore claws you but does no damage.
You hit the manticore but do no damage.
The manticore is moderately wounded.
You hit the manticore.
The manticore is moderately wounded.
The manticore closely misses you.
The manticore claws you but does no damage.
The manticore claws you!
You barely miss the manticore.
The manticore is moderately wounded.
The manticore bites you!
* * * LOW HITPOINT WARNING * * *
The manticore claws you.
* * * LOW HITPOINT WARNING * * *
The manticore claws you.
* * * LOW HITPOINT WARNING * * *
You feel very mighty all of a sudden.
The manticore bites you but does no damage.
The manticore claws you but does no damage.
You block the manticore's attack.
Okay, then.
You gain the combat prowess of a mighty hero.
You carefully extract the barbed spikes from your body.
The manticore bites you!
You die...

.......######.♣≈...###
.#####..................
#.
....P.....######.#..#####
H##.##≈≈♣..........#.##
{....P≈≈≈P.#########.#
{....≈.≈#.# #.#
##..#####.# #.# ... #.#
#.#
#.#.#.#####@#########.#
#........H...........#
###################


You could see a manticore.

Vanquished Creatures
  A wizard (D:7)
  Sigmund (D:2)
  Eustachio (D:6)
  Edmund (D:6)
  A water moccasin (D:6)
  Duvessa (D:7)
  An orc warrior (D:7)
  2 hornet zombies (D:7)
  4 necrophages
  A black bear (D:5)
  An ice beast (D:4)
  3 ogres
  2 phantoms
  3 bullfrogs
  3 scorpions
  Dowan (D:7)
  A wyvern skeleton (D:6)
  2 wights (D:7)
  An electric eel (D:7)
  A crimson imp (D:4)
  3 centaur zombies
  A hound (D:6)
  3 human zombies (Ossuary)
  A jelly (D:5)
  Crazy Yiuf (D:3)
  A centaur skeleton (D:5)
  A gnoll shaman (D:7)
  2 bullfrog skeletons
  2 iguanas
  A scorpion zombie (D:5)
  Ijyb (D:4)
  Natasha (twice) (D:2)
  3 orc wizards
  2 killer bee zombies (D:7)
  A hound skeleton (D:5)
  4 mummies
  A howler monkey zombie (D:7)
  11 gnolls
  A howler monkey skeleton (D:4)
  9 adders
  A shadow imp (D:7)
  2 white imps
  An adder skeleton (D:4)
  2 dart slugs
  17 orcs
  9 ball pythons
  5 bats
  8 endoplasms
  3 giant cockroaches
  13 hobgoblins
  A jackal (D:3)
  7 kobolds
  3 quokkas
  5 frilled lizards
  6 gnoll zombies (Ossuary)
  9 goblins
  A goblin zombie (Ossuary)
  2 hobgoblin zombies (Ossuary)
  2 orc zombies (Ossuary)
  4 rats
  A spectral orc (D:7)
185 creatures vanquished.

Vanquished Creatures (others)
  An orc wizard (D:7)
  3 plants
  A withered plant (D:7)
5 creatures vanquished.

Grand Total: 190 creatures vanquished

Notes
Turn   | Place    | Note
-------+----------+-------------------------------------------
     0 | D:1      | Illumine the Formicid Fighter began the quest for the Orb.
     0 | D:1      | Reached XP level 1. HP: 18/18 MP: 1/1
   151 | D:1      | Found a faded altar of an unknown god.
   240 | D:1      | Reached XP level 2. HP: 24/24 MP: 2/2
   966 | D:1      | Reached XP level 3. HP: 18/29 MP: 3/3
  1625 | D:2      | Found Nuelawn's Assorted Antiques.
  1720 | D:2      | Reached XP level 4. HP: 37/37 MP: 4/4
  1753 | D:2      | Reached skill level 3 in Maces & Flails
  1776 | D:2      | Noticed Sigmund
  1886 | D:2      | Noticed Natasha
  1897 | D:2      | Killed Natasha
  2055 | D:3      | Reached XP level 5. HP: 27/42 MP: 5/5
  2245 | D:3      | Found a runed translucent door.
  2246 | D:3      | Noticed Crazy Yiuf
  3244 | D:4      | Reached skill level 4 in Maces & Flails
  3244 | D:4      | Reached XP level 6. HP: 37/49 MP: 6/6
  3377 | D:4      | Noticed Ijyb
  3392 | D:4      | Killed Ijyb
  3779 | D:4      | Found a staircase to the Ecumenical Temple.
  3927 | Temple   | Entered the Ecumenical Temple
  3964 | Temple   | Became a worshipper of Warmaster Okawaru
  4104 | D:4      | Reached skill level 5 in Maces & Flails
  4104 | D:4      | Reached XP level 7. HP: 53/55 MP: 7/7
  4136 | D:4      | Reached skill level 5 in Fighting
  4328 | D:4      | Reached * piety under Okawaru
  4329 | D:4      | Reached skill level 6 in Maces & Flails
  5273 | D:5      | Entered Level 5 of the Dungeon
  5355 | D:5      | Found a sand-covered staircase.
  5359 | Ossuary  | Entered an ossuary
  5383 | Ossuary  | Reached XP level 8. HP: 60/64 MP: 8/8
  5491 | Ossuary  | Reached skill level 5 in Shields
  5840 | D:5      | Reached skill level 7 in Maces & Flails
  6559 | D:6      | Noticed Eustachio
  6581 | D:6      | Killed Eustachio
  6703 | D:6      | Reached XP level 9. HP: 71/71 MP: 9/9
  6817 | D:6      | Reached ** piety under Okawaru
  6818 | D:6      | Reached skill level 8 in Maces & Flails
  6818 | D:6      | Reached skill level 1 in Invocations
  7077 | D:6      | Noticed Edmund
  7085 | D:6      | Killed Edmund
  7911 | D:7      | Found a hazy altar of Hepliaklqana.
  7950 | D:7      | Found a shadowy altar of Dithmenos.
  7954 | D:7      | Found a basalt altar of Yredelemnul.
  8003 | D:7      | Noticed a wizard
  8313 | D:7      | Reached skill level 9 in Maces & Flails
  8475 | D:7      | Found an ornate altar of the Wu Jian Council.
  8482 | D:7      | Noticed a +0 falchion
  8482 | D:7      | Noticed a +0 short sword
  8482 | D:7      | Noticed a +0 spear
  8482 | D:7      | Noticed a +0 spear
  8482 | D:7      | Noticed a +0 dagger
  8483 | D:7      | Noticed a +0 dagger
  8522 | D:7      | Noticed a +0 falchion
  8523 | D:7      | Noticed a +0 short sword
  8699 | D:6      | Noticed a rust devil
  8699 | D:6      | Noticed a rust devil
  8952 | D:2      | Noticed Natasha
  8968 | D:2      | Killed Natasha
  8998 | D:2      | Killed Sigmund
  8998 | D:2      | Reached *** piety under Okawaru
  8999 | D:2      | Reached XP level 10. HP: 79/79 MP: 12/12
  9147 | D:3      | Killed Crazy Yiuf
  9327 | D:7      | Found a hide-covered altar of Uskayaw.
  9454 | D:7      | Reached skill level 5 in Armour
  9701 | D:7      | Noticed Duvessa
  9702 | D:7      | Noticed Dowan
  9719 | D:7      | Killed Duvessa
  9722 | D:7      | Killed a wizard
  9729 | D:7      | Killed Dowan
 10157 | D:7      | Identified the +4 mace of the Saviour {vorpal, Will+}
 10233 | D:8      | Noticed a manticore
 10255 | D:8      | HP: 3/78 [manticore (6)]
 10257 | D:8      | Slain by a manticore

Illustrated notes

Levels and vault maps discovered:
D:1:      heliophobic_arrival_enchanted_forest, layout_loops_corners,
          nicolae_ecumenical_lake_church, minmay_misc_feat_room
D:2:      layout_loops_ring, serial_shops, nicolae_shop_advertising_works
          [nicolae_subvault_shop_adworks], uniq_natasha, uniq_sigmund
D:3:      layout_rooms, hangedman_abyss_or_decor_stabs, chequers_arboretum,
          minmay_fractal_squares_diagonal_5, uniq_crazy_yiuf_cottage
D:4:      layout_cave_pods, lemuel_temple_firewalk_b, serial_column_ruins,
          column_ruins_square_large, column_ruins_hut_pillars,
          column_ruins_grid_1, column_ruins_open_small, column_ruins_grid_1,
          minmay_fire_ice_demons, uniq_ijyb
D:5:      layout_loops_cross, enter_ossuary_5, serial_bayou_pond_d
D:6:      cheibrodos_iron_armory, layout_layer_cave, uniq_eustachio, uniq_edmund
D:7:      cheibrodos_wizards_tower, layout_gridville, nicolae_uskayaw_en_pointe,
          nicolae_hepliaklqana_monster_ancestors, amcnicky_altar_gilded,
          mainiacjoe_overflow_catwalk_spiral, serial_undead, serial_undead_d,
          serial_undead_c, serial_undead_e, serial_undead_f, serial_undead_f,
          serial_undead_d, due_unseen_surprise, uniq_duvessa
D:8:      layout_loops_ring, serial_bayou, serial_bayou_lagoon_a,
          serial_bayou_lake_a, serial_bayou_ford_a, serial_bayou_pond_d,
          roderic_lattice_a
Temple:   regret_index_temple_waves

Skill      XL: |  1  2  3  4  5  6  7  8  9 10 |
---------------+-------------------------------+-----
Shields        | 4 6 7 8 |  8.6
Maces & Flails | 3 4 5 6 7 9 |  9.7
Fighting       | 4 5 6 7 8 |  8.1
Armour         | 4 5 |  5.4
Invocations    | 3 4 |  4.6

Action                   |  1- 3 |  4- 6 |  7- 9 | 10-12 || total
-------------------------+-------+-------+-------+-------++-------
Melee: Flail             |    33 |    75 |       |       ||   108
       Dagger            |    58 |    82 |       |       ||   140
       War axe           |       |       |   219 |       ||   219
       Whip              |       |       |    81 |   119 ||   200
 Fire: Hand crossbow     |       |       |     1 |       ||     1
Throw: Throwing net      |       |       |     1 |       ||     1
Invok: Heroism           |       |       |     2 |     2 ||     4
Evoke: Wand              |       |     2 |     3 |     5 ||    10
  Use: Scroll            |       |       |     3 |       ||     3
       Potion            |       |       |       |     3 ||     3
 Stab: Paralysed         |       |     4 |     9 |       ||    13
Armor: Scale mail        |    53 |    60 |    10 |       ||   123
       Chain mail        |       |       |   101 |     4 ||   105
       Plate armour      |       |       |       |    39 ||    39
       Skin              |       |       |       |    19 ||    19
Dodge: Dodged            |    31 |    62 |    82 |    21 ||   196
Block: Buckler           |    15 |    38 |     6 |       ||    59
       Kite shield       |       |       |   115 |    46 ||   161
